 Dungeon Crawl Stone Soup version 0.23.1 (webtiles) character file.

Game seed: 18297378261290288273

130 Hylith the Firebug (level 4, 36/36 HPs)
             Began as a Draconian Fire Elementalist on Mar 9, 2019.
             Quit the game on level 2 of the Dungeon.
             The game lasted 00:09:41 (1282 turns).

Hylith the Firebug (Draconian Fire Elementalist)    Turns: 1282, Time: 00:09:42

Health: 36/36      AC:  6    Str: 11    XL:     4   Next: 90%
Magic:  7/7        EV: 12    Int: 19    God:
Gold:   79         SH:  0    Dex: 11    Spells: 7/8 levels left

rFire    . . .     SeeInvis .   i - +2 hand axe (elec)
rCold    . . .     Gourm    .   (no shield)
rNeg     . . .     Faith    .   (armour unavailable)
rPois    .         Spirit   .   (helmet restricted)
rElec    .         Reflect  .   (no cloak)
rCorr    .         Harm     .   k - +0 pair of gloves
MR       .....                  (no boots)
Stlth    ++........             (no amulet)
HPRegen  0.12/turn              a - +3 ring of intelligence
MPRegen  0.10/turn              g - ring of wizardry

@: no status effects
A: unfitting armour, cold-blooded, AC +5
a: no special abilities


You were on level 2 of the Dungeon.
You were not hungry.

You visited 1 branch of the dungeon, and saw 2 of its levels.

You collected 79 gold pieces.

Inventory:

Hand Weapons
 i - a +2 hand axe of electrocution (weapon)
Armour
 k - a +0 pair of gloves (worn)
Jewellery
 a - a +3 ring of intelligence (left hand)
 g - a ring of wizardry (right hand)
Scrolls
 c - 2 scrolls of identify {unknown}
 d - a scroll of teleportation {unknown}
 j - a scroll of magic mapping {unknown}
 l - a scroll of amnesia {unknown}
 m - a scroll of enchant weapon {unknown}
Potions
 e - a potion of agility {unknown}
 f - a potion of mutation {unknown}
 h - 2 potions of ambrosia {unknown}
Comestibles
 b - 6 rations


   Skills:
 * Level 1.6 Fighting
 + Level 0.7 Axes
 - Level 1.7 Dodging
 - Level 1.7 Stealth
 + Level 2.5 Spellcasting
 * Level 2.2 Conjurations
 * Level 4.3 Fire Magic


You had 7 spell levels left.
You knew the following spells:

 Your Spells              Type           Power        Failure   Level  Hunger
a - Flame Tongue          Conj/Fire      ##...        1%          1    #......

Your spell library contained the following spells:

 Spells                   Type           Power        Failure   Level  Hunger
 Throw Flame              Conj/Fire      ##....       2%          2    ##.....
 Conjure Flame            Conj/Fire      ##......     4%          3    ###....
 Inner Flame              Hex/Fire       ##......     9%          3    ###....
 Sticky Flame             Conj/Fire      ##......     16%         4    #####..
 Fireball                 Conj/Fire      ##........   41%         5    ######.


Dungeon Overview and Level Annotations

Branches:
Dungeon (2/15)

Altars:
Nemelex Xobeh
Okawaru


Innate Abilities, Weirdness & Mutations

Your plain brown scales are hard. (AC +5)
You cannot fit into any form of body armour.
You are cold-blooded and may be slowed by cold attacks.


Message History

The helpless bat fails to defend itself.
You hit the bat. Lightning courses through the bat!
You kill the bat!
A kobold comes into view. It is wielding a +0 short sword.
The kobold shouts!
You closely miss the kobold. The kobold misses you. x2
You barely miss the kobold. The kobold hits you but does no damage.
You miss the kobold.
Your tail-slap misses the kobold.
The kobold closely misses you.
You barely miss the kobold. The kobold hits you but does no damage.
You hit the kobold. Lightning courses through the kobold!
You kill the kobold!
Found an iron altar of Okawaru.
Things that are here:
a +0 short sword; a kobold corpse
There is an iron altar of Okawaru here.
You kneel at the altar of Okawaru.
Unknown command.
You see here a kobold skeleton.
Are you sure you want to abandon this character and quit the game? (Confirm with "yes".)

# #. #..# #..#.## # .##..#
.....#.## # ....# #.##.###..... #
#...# #.## ..>..## # #...# ##.##
###### # #...#######...## #
#........>..#..######### #
#######...#####..###..........
####............@....#..)####....
##.............÷..........<...(..
...#...............###...####....
.#######.#....####.# ##..####....
.# #.#.........# #†.......## .#
#.#....###### #.######## ^#
#.#....# #.# .# #......#
#.######## .# #......#
#.##.....##


There were no monsters in sight!

Vanquished Creatures
  A crimson imp (D:2)
  3 gnolls (D:2)
  2 adders (D:2)
  An ooze (D:1)
  A leopard gecko (D:2)
  2 giant cockroaches
  5 goblins
  6 hobgoblins
  7 kobolds
  A quokka (D:2)
  A ball python (D:1)
  5 bats
  3 frilled lizards (D:1)
  9 rats
47 creatures vanquished.

Notes
Turn   | Place    | Note
-------+----------+-------------------------------------------
     0 | D:1      | Hylith the Draconian Fire Elementalist began the quest for
                  | the Orb.
     0 | D:1      | Reached XP level 1. HP: 14/14 MP: 3/3
   202 | D:1      | Reached XP level 2. HP: 5/20 MP: 0/5
   754 | D:1      | Reached skill level 1 in Fighting
   758 | D:1      | Reached XP level 3. HP: 20/28 MP: 1/6
  1060 | D:2      | Reached skill level 4 in Fire Magic
  1060 | D:2      | Reached XP level 4. HP: 23/35 MP: 7/7
  1117 | D:2      | Found a sparkling altar of Nemelex Xobeh.
  1262 | D:2      | Found an iron altar of Okawaru.
  1282 | D:2      | Quit the game

Skill      XL: |  1  2  3  4 |
---------------+-------------+-----
Fighting       | 1 |  1.6
Fire Magic     | 4 |  4.3
Conjurations   | 2 |  2.2
Axes           | |  0.7
Dodging        | |  1.7
Stealth        | |  1.7
Spellcasting   | |  2.5

Action                   |  1- 3 |  4- 6 || total
-------------------------+-------+-------++-------
Melee: Unarmed           |    54 |       ||    54
       Tailslap          |     6 |       ||     6
       Club              |     8 |       ||     8
       Hand axe          |    40 |    14 ||    54
 Cast: Flame Tongue      |    40 |    14 ||    54
 Stab: Sleeping          |       |     1 ||     1
  Eat: Chunk             |       |     2 ||     2
Armor: Skin              |    34 |     4 ||    38
Dodge: Dodged            |    86 |    16 ||   102
